[Event "44th Chess Olympiad Women 2022"]
[Site "Chennai"]
[Date "2022.08.01"]
[Round "4.61"]
[White "San Diego, Marie Antoinette"]
[Black "Lohani, Sujana"]
[Result "0-1"]
[WhiteElo "2101"]
[BlackElo "1697"]
[Annotator "NA RC"]
[PlyCount "96"]
[EventDate "2022.??.??"]
[TimeControl "60"]

1. e4 g6 2. d4 Bg7 3. Nf3 d6 4. h3 c6 5. Nc3 b5 6. b4 a5 7. Ba3 Na6 8. Rb1 axb4 9. Bxb4 Nxb4 10. Rxb4 Qa5 11. Rb3 Be6 12. d5 Bxc3+ 13. Nd2 cxd5 14. Bxb5+ Kf8 15. Bc6 Rd8 16. exd5 Bd7 17. Bxd7 Rxd7 18. O-O Bxd2 19. Rb8+ Kg7 20. Qa1+ Bc3 21. Ra8 Qxa8 22. Qxc3+ Nf6 23. Re1 Qxd5 24. g4 h6 25. f4 Qc5+ 26. Qxc5 dxc5 27. Kf2 Ra8 28. Re5 Rd2+ 29. Re2 Rxe2+ 30. Kxe2 Rxa2 31. Kd3 Ra3+ 32. c3 Nd5 33. Kc4 Nxf4 34. Kxc5 Rxc3+ 35. Kd4 Rxh3 36. Ke5 Nd3+ 37. Ke4 h5 38. gxh5 gxh5 39. Kf5 Rg3 40. Ke4 h4 41. Kf5 h3 42. Ke4 h2 43. Kf5 e6+ 44. Ke4 h1=Q+ 45. Kd4 Qd5+ 46. Kc3 Ne5+ 47. Kb4 Rb3+ 48. Ka4 Qb5# 0-1

[Event "44th Chess Olympiad Women 2022"]
[Site "Chennai"]
[Date "2022.08.01"]
[Round "4.62"]
[White "Dlamini, Nosipho"]
[Black "De la Riva Real, Jana"]
[Result "1/2-1/2"]
[WhiteElo "1081"]
[BlackElo "1167"]
[Annotator "NA RC"]
[PlyCount "73"]
[EventDate "2022.??.??"]
[TimeControl "60"]

1. e4 e6 2. d4 d5 3. exd5 exd5 4. Nf3 Nf6 5. Bg5 Bg4 6. Nbd2 Nc6 7. Bb5 Bd6 8. Qe2+ Qe7 9. Qxe7+ Bxe7 10. Ne5 Bd7 11. Bxf6 Bxf6 12. Nxd7 Kxd7 13. c3 Rhe8+ 14. Kd1 Re7 15. Kc2 Rae8 16. Rad1 a6 17. Bd3 g6 18. Nf3 Nd8 19. Rhe1 Ne6 20. g3 Ng5 21. Rxe7+ Rxe7 22. Nxg5 Bxg5 23. f4 Bh6 24. Rd2 f5 25. Re2 Bf8 26. Rxe7+ Bxe7 27. Be2 c5 28. Bf3 cxd4 29. Bxd5 dxc3 30. Bxb7 cxb2 31. Bxa6 Ba3 32. Kb1 Kd6 33. Bc4 h6 34. Bf7 g5 35. Bg6 Ke6 36. h4 gxh4 37. gxh4 1/2-1/2

[Event "44th Chess Olympiad Women 2022"]
[Site "Chennai"]
[Date "2022.08.01"]
[Round "4.62"]
[White "Galera Serra, Maria"]
[Black "Nomcebo, Sibisi"]
[Result "0-1"]
[WhiteElo "1464"]
[BlackElo "1225"]
[Annotator "NA RC"]
[PlyCount "166"]
[EventDate "2022.??.??"]
[TimeControl "60"]

1. e4 g6 2. d4 Bg7 3. Nc3 c6 4. Bc4 d6 5. Nge2 e5 6. Be3 Nd7 7. Qd2 Ngf6 8.
h3 b5 9. Bb3 a5 10. a3 O-O 11. O-O Ba6 12. dxe5 Nxe5 13. f4 Nc4 14. Bxc4 bxc4 15. f5 d5 16. Bg5 dxe4 17. Qxd8 Raxd8 18. fxg6 Rd6 19. gxh7+ Kxh7 20. Ng3 Nd5 21. Ngxe4 Re6 22. Bd2 Nxc3 23. Ng5+ Kg8 24. Nxe6 Ne2+ 25. Kh2 fxe6 26. Rxf8+ Kxf8 27. Bxa5 Bxb2 28.
Bb4+ Kf7 29. Rf1+ Kg6 30. Rf8 Be5+ 31. Kh1 c3 32. g4 Bc4 33. Kg2 Nf4+ 34. Kf3 Bd5+ 35. Ke3 Nxh3 36. Rg8+ Kf7 37. Rf8+ Kg7 38. Rf1 Ng5 39. Kd3 Ne4 40. Re1 Nf2+ 41. Ke2 Nh3 42. Kd3 Nf4+ 43. Ke3 Ng2+ 44. Kf2 Nxe1 45. Kxe1 Be4 46. Kd1 Bf3+ 47. Ke1 Bxg4 48. a4 Bf3 49. Bc5 Bc7 50. Bd4+ Kf7 51. Bxc3 Bb6 52. Kd2 Ke8 53. Kd3 Kd7 54. a5 Ba7 55. Be5 Kc8 56. a6 Bg2 57. c4 Bf1+ 58.
Kc3 c5 59. Kb3 Kd7 60. Bc3 Kc6 61. Ba5 Bb6 62. Bc3 Ba7 63. Ba5 e5 64. Bd8 e4 65. Ba5 Bh3 66. Kc2 Bc8 67. Kd2 Bxa6 68. Ke3 Bxc4 69. Kxe4 Bd5+ 70. Kd3 c4+ 71. Kc2 Be4+ 72. Kc1 Bd3 73. Kd1 Kb5 74. Bd2 Ka4 75. Ke1 Kb3 76. Ba5 Bc5 77. Bc7 c3 78. Bf4 c2 79. Bg5 Ka2 80.
Bf4 Kb1 81. Bg5 Ba3 82. Bf4 Bc1 83. Be3 Bh7 0-1

[Event "44th Chess Olympiad Women 2022"]
[Site "Chennai"]
[Date "2022.08.01"]
[Round "4.62"]
[White "Henderson de La Fuente, Andrea"]
[Black "Nkwanyane Nolwazi"]
[Result "1-0"]
[WhiteElo "1962"]
[BlackElo "1158"]
[Annotator "NA RC"]
[PlyCount "131"]
[EventDate "2022.??.??"]
[TimeControl "60"]

1. e4 e5 2. Nf3 Nc6 3. Bb5 a6 4. Ba4 Nf6 5. d3 b5 6. Bb3 Be7 7. O-O O-O 8. Re1 d5 9. exd5 Nxd5 10. Nxe5 Nxe5 11. Rxe5 c6 12. Bxd5 cxd5 13. Nc3 Bb7 14. d4 Bd6 15. Re3 Qf6 16. Rh3 Rae8 17. Be3 Qg6 18. Qh5 f5 19. Qxg6 hxg6 20. f4 Re6 21. Rf3 Rfe8 22. Kf2 Bc6 23. Re1 b4 24. Ne2 Bb5 25. Nc1 Rc8 26. c3 bxc3 27. bxc3 Rxc3 28. Bd2 Rxe1 29. Rxc3 Rf1+ 30. Kg3 Bc4 31. Rf3 Rd1 32. Rf2 g5 33.
Nb3 gxf4+ 34. Bxf4 Rd3+ 35. Rf3 Bxf4+ 36. Kxf4 g6 37. Rxd3 Bxd3 38. Nc5 Bc4 39. a4 a5 40. Ke5 Kg7 41. Nb7 Bb3 42. Nxa5 Bxa4 43. Kxd5 f4 44. Ke5 g5 45. Kf5 Kh6 46. d5 Bd7+ 47. Ke4 Kh5 48.
Nc6 Kh6 49. Ne5 Ba4 50. d6 Bc2+ 51. Kd4 Bf5 52. d7 Bxd7 53.
Nxd7 g4 54. Ne5 Kg5 55. Ke4 f3 56. gxf3 gxf3 57. Nxf3+ Kh5 58. Kf5 Kh6 59. Kg4 Kg6 60. h4 Kh6 61. Ne5 Kh7 62. Kg5 Kg7 63.
h5 Kh7 64. h6 Kh8 65. Kg6 Kg8 66. h7+ 1-0

[Event "44th Chess Olympiad Women 2022"]
[Site "Chennai"]
[Date "2022.08.01"]
[Round "4.62"]
[White "Nosimilo, Mkhonto"]
[Black "De la Riva Real, Ariadna"]
[Result "0-1"]
[WhiteElo "1313"]
[BlackElo "1649"]
[Annotator "NA RC"]
[PlyCount "77"]
[EventDate "2022.??.??"]
[TimeControl "60"]

1. e4 c5 2. Nf3 g6 3. Be2 Bg7 4. d3 Nc6 5. c3 d5 6. O-O Nf6 7. Re1 O-O 8. Nbd2 Bg4 9. h3 dxe4 10. Nxe4 Nxe4 11. hxg4 Nf6 12. g5 Nd7 13. g3 e5 14. Kg2 Re8 15. Rh1 e4 16. dxe4 Rxe4 17. Bd3 Re6 18. Bc4 Re7 19. Rh2 Nde5 20. Qxd8+ Rxd8 21. Bb3 Nxf3 22. Kxf3 Ne5+ 23. Kg2 c4 24. Bc2 Ng4 25. Rh4 Re2 26. Rxg4 Rxc2 27. Be3 Rxb2 28. Rxc4 Rc2 29. Bxa7 b5 30. Rc7 b4 31. Rb1 Rxc3 32. Rxc3 bxc3 33. Be3 Rc8 34. Rc1 c2 35. Kf3 Bb2 36. Rf1 c1=Q 37. Bxc1 Bxc1 38. Rd1 Bxg5 39. Re1 0-1

[Event "44th Chess Olympiad Women 2022"]
[Site "Chennai"]
[Date "2022.08.01"]
[Round "4.63"]
[White "Beekhy, Aamirah"]
[Black "Kaslan, Alexandra"]
[Result "0-1"]
[WhiteElo "1373"]
[BlackElo "1435"]
[Annotator "NA RC"]
[PlyCount "102"]
[EventDate "2022.??.??"]
[TimeControl "60"]

1. d4 e6 2. Bf4 Nf6 3. Nf3 c5 4. e3 Nc6 5. c3 Qb6 6. Qc2 d5 7. Nbd2 Be7 8. h3 Bd7 9. Qb3 Na5 10. Qxb6 axb6 11. Be2 O-O 12. O-O Nc6 13. Rfe1 Rfc8 14. Bd3 Ne8 15. Ne5 Nxe5 16. dxe5 Nc7 17. Nf3 Bc6 18. Be2 b5 19. b3 Ra7 20. Red1 Rca8 21. Rd2 Ra3 22. Bd1 h6 23. Bg3 c4 24. Nd4 Bc5 25. Nc2 Rxa2 26. Rxa2 Rxa2 27. b4 Be7 28. f4 Na6 29. Rf2 Rb2 30. Nd4 Rb1 31. Rf1 Rc1 32. Ne2 Ra1 33. Bf2 Kf8 34. h4 Ke8 35. g4 Nxb4 36. cxb4 Bxb4 37. e4 Be7 38. exd5 exd5 39. Bd4 Ra2 40. f5 b4 41. f6 gxf6 42. exf6 Bf8 43. Re1 Kd7 44. Nc1 Ra3 45. g5 hxg5 46. Bg4+ Kd6 47. Be5+ Kc5 48. hxg5 d4 49. Ne2 d3 50. Nf4 d2 51. Rd1 Rg3+ 0-1

[Event "44th Chess Olympiad Women 2022"]
[Site "Chennai"]
[Date "2022.08.01"]
[Round "4.63"]
[White "Wijnhard, Joelle"]
[Black "Acham, Meritza"]
[Result "0-1"]
[WhiteElo "1291"]
[BlackElo "1397"]
[Annotator "NA RC"]
[PlyCount "144"]
[EventDate "2022.??.??"]
[TimeControl "60"]

1. e4 c5 2. Nf3 d6 3. Nc3 Nf6 4. Bc4 e6 5. d3 Be7 6. O-O O-O 7. h3 a6 8. a3 Nc6 9. Bf4 b5 10. Ba2 Bb7 11. Re1 Re8 12. Rc1 Bf8 13. Qd2 Ne7 14. Bg5 Ng6 15.
Bxf6 Qxf6 16. Qg5 Be7 17. Qxf6 Bxf6 18. Rb1 Rad8 19. Kf1 Ne7 20. e5 dxe5 21. Nxe5 Nc6 22. Nxc6 Bxc6 23. Ne4 Bxe4 24. Rxe4 Rd6 25. Re2 Red8 26. Ke1 g6 27. b3 Bc3+ 28. Kf1 b4 29. a4 e5 30. Rd1 f5 31. f3 Kf7 32. g3 Kf6 33. Kg2 Rd4 34. Rf1 h5 35.
h4 R4d6 36. Kh3 Rg8 37. Rff2 Rd4 38. Rf1 g5 39. hxg5+ Rxg5 40. f4 exf4 41. gxf4 Rg4 42. Ref2 Rd8 43. Re2 Rdg8 44. Re3 Rg2 45. Bb1 h4 46. Ref3 R2g4 47. Re3 Rd8 48. Re2 Rd4 49. Ref2 Kg6 50. Rf3 Bd2 51. R1f2 Bxf4 52. Re2 Kf6 53. Ref2 Kg5 54. Re2 Rg1 55. Rg2+ Rxg2 56. Kxg2 Kg4 57. Rf2 h3+ 58. Kh1 Be3 59. Re2 f4 60. Kh2 Rd8 61. Re1 Kf3 62. Rf1+ Bf2 63. Rd1 Bg3+ 64. Kh1 Ke2 65. Rg1 Rg8 66. Ba2 f3 67. Rc1 f2 68. a5 f1=Q+ 69. Rxf1 Kxf1 70. Bb1 Rf8 71. d4 Ke2 72. dxc5 Rf1# 0-1

[Event "44th Chess Olympiad Women 2022"]
[Site "Chennai"]
[Date "2022.08.01"]
[Round "4.64"]
[White "Cadeau, Merisena"]
[Black "Callender, Jessica"]
[Result "1-0"]
[WhiteElo "1439"]
[BlackElo "1295"]
[Annotator "NA RC"]
[PlyCount "29"]
[EventDate "2022.??.??"]
[TimeControl "60"]

1. e4 d6 2. d4 g6 3. Nf3 Nf6 4. Nc3 Bg7 5. Bc4 O-O 6. O-O Nbd7 7. Bf4 h6 8. h3 Re8 9. e5 Nh7 10. Qd3 Nhf8 11. Rfe1 Ne6 12. Bxe6 fxe6 13. Qxg6 Nf8 14. Qg4 Nh7 15. Bxh6 1-0

[Event "44th Chess Olympiad Women 2022"]
[Site "Chennai"]
[Date "2022.08.01"]
[Round "4.64"]
[White "Johnson, Nellisha"]
[Black "Jonet, Davena"]
[Result "0-1"]
[WhiteElo "1093"]
[BlackElo "1458"]
[Annotator "NA RC"]
[PlyCount "110"]
[EventDate "2022.??.??"]
[TimeControl "60"]

1. e4 d5 2. exd5 Qxd5 3. Nc3 Qd8 4. d4 Bf5 5. Nf3 Nf6 6. Bd3 Bxd3 7. Qxd3 c6 8. O-O e6 9. Bf4 Bd6 10. Bxd6 Qxd6 11. h3 O-O 12. Rae1 Rd8 13. Ne4 Nxe4 14. Rxe4 Nd7 15. c3 Nc5 16. Qc2 Nxe4 17. Qxe4 Qd5 18. Qb1 h6 19. Rd1 c5 20. b3 b6 21. c4 Qd6 22. Qb2 cxd4 23. Rxd4 Qc7 24. Rxd8+ Rxd8 25. g3 Rd1+ 26. Kh2 Qd6 27. Qe2 f6 28. Nh4 Kf7 29. Qf3 Rd3 30. Qh5+ Kf8 31. Ng6+ Kg8 32. Nf4 Kf8 33. Ng6+ Kg8 34. Nf4 Rd2 35. Qe8+ Qf8 36. Qxe6+ Qf7 37. Qc8+ Kh7 38. Kg2 Rxa2 39. Qf5+ g6 40. Qd3 f5 41. Nd5 Qe6 42. Kf3 Qe4+ 43. Qxe4 fxe4+ 44. Kxe4 Rxf2 45. h4 Kg7 46. b4 Rc2 47. Kd4 Rg2 48. Ne3 Rxg3 49. h5 Rxe3 50. Kxe3 gxh5 51. c5 bxc5 52. bxc5 Kf7 53. Kd4 Ke7 54. Kd5 Kd7 55. Kd4 a5 0-1

[Event "44th Chess Olympiad Women 2022"]
[Site "Chennai"]
[Date "2022.08.01"]
[Round "4.64"]
[White "Lam, Pooja"]
[Black "Seine, Rose Berline"]
[Result "0-1"]
[WhiteElo "1163"]
[BlackElo "1679"]
[Annotator "NA RC"]
[PlyCount "60"]
[EventDate "2022.??.??"]
[TimeControl "60"]

1. d4 d5 2. c4 e6 3. Nc3 Nf6 4. Bg5 Be7 5. Nf3 O-O 6. e3 Nbd7 7. cxd5 exd5 8. Bd3 c6 9. O-O h6 10. Bh4 Re8 11. Qc2 Ne4 12. Bxe7 Qxe7 13. Nd2 f5 14. Rae1 Ndf6 15. f3 Nd6 16. Re2 Be6 17. Rfe1 Qd7 18. e4 fxe4 19. fxe4 dxe4 20. Ndxe4 Ndxe4 21.
Nxe4 Qxd4+ 22. Kh1 Nd5 23. Nc5 Bf7 24. h3 Rxe2 25. Rxe2 Nb4 26. Qc3 Qxc3 27. bxc3 Nxd3 28. Nxd3 Bc4 29. Re3 Bxa2 30. Nc5 b5 0-1

[Event "44th Chess Olympiad Women 2022"]
[Site "Chennai"]
[Date "2022.08.01"]
[Round "4.64"]
[White "Paul, Theophane"]
[Black "Shariff, Sasha Christina"]
[Result "0-1"]
[WhiteElo "1493"]
[BlackElo "1183"]
[Annotator "NA RC"]
[PlyCount "92"]
[EventDate "2022.??.??"]
[TimeControl "60"]

1. d4 d5 2. e3 Bf5 3. c3 Nf6 4. Qb3 b6 5. Nd2 e6 6. f4 Be7 7. Ngf3 O-O 8. Be2 c5 9. c4 Nc6 10. Qc3 Nb4 11. O-O Rb8 12. Ne5 Qc7 13. a3 Nc6 14. Bf3 Qd6 15.
b3 Nd7 16. g4 Bg6 17. Nxg6 hxg6 18. Be2 cxd4 19. exd4 Bf6 20. Nf3 dxc4 21. Ne5 Ndxe5 22. dxe5 Qd4+ 23. Qxd4 Nxd4 24. Bxc4 Be7 25.
Bb2 Nc2 26. Rab1 Ne3 27. Rf3 Nxc4 28. bxc4 Rfc8 29. Rc1 Rc6 30. Rfc3 Rbc8 31. Kf2 Bc5+ 32. Kf3 Bd4 33. R3c2 Bxb2 34. Rxb2 Rxc4 35. Rxc4 Rxc4 36. Rb3 f6 37. exf6 gxf6 38. Rd3 Kf8 39. h4 f5 40. g5 e5 41. fxe5 Rxh4 42. Ke2 Re4+ 43. Re3 Rxe3+ 44. Kxe3 Ke7 45. Kd4 Ke6 46. a4 a6 0-1

[Event "44th Chess Olympiad Women 2022"]
[Site "Chennai"]
[Date "2022.08.01"]
[Round "4.65"]
[White "Elshalom Essayas Berhane"]
[Black "Farrugia, Jamie"]
[Result "1/2-1/2"]
[WhiteElo "1481"]
[BlackElo "1547"]
[Annotator "NA RC"]
[PlyCount "29"]
[EventDate "2022.??.??"]
[TimeControl "60"]

1. d4 d5 2. Nf3 Nf6 3. Bf4 c5 4. e3 Nc6 5. c4 Qb6 6. Qb3 e6 7. Nc3 Be7 8. Be2 O-O 9. Qxb6 axb6 10. Bc7 Bd8 11. Bd6 Be7 12. Bc7 Bd8 13.
Bd6 Be7 14. Bc7 Bd8 15. Bd6 1/2-1/2

[Event "44th Chess Olympiad Women 2022"]
[Site "Chennai"]
[Date "2022.08.01"]
[Round "4.65"]
[White "Thornton, Filipina"]
[Black "Makda Araya Fessehaye"]
[Result "1-0"]
[WhiteElo "1661"]
[BlackElo "1242"]
[Annotator "NA RC"]
[PlyCount "61"]
[EventDate "2022.??.??"]
[TimeControl "60"]

1. d4 d5 2. c4 Nf6 3. Nc3 e6 4. Nf3 Be7 5. e3 O-O 6. Bd3 Nbd7 7. O-O dxc4 8.
Bxc4 a6 9. Re1 b6 10. e4 Bb7 11. e5 Ne8 12. d5 exd5 13. Nxd5 Bc5 14. Bg5 Qb8 15. Ne7+ Kh8 16. Qxd7 Bc8 17. Qd3 h6 18. Nh4 Be6 19. Bxe6 Bxe7 20. Bxe7 fxe6 21. Bxf8 c5 22. Rad1 Qc7 23. Bd6 Qf7 24. Qf3 Qa7 25. Ng6+ Kh7 26. Qe4 Kg8 27. Ne7+ Kh8 28. Re3 Nxd6 29. exd6 Re8 30. Qxe6 Kh7 31. Qg6+ 1-0

[Event "44th Chess Olympiad Women 2022"]
[Site "Chennai"]
[Date "2022.08.01"]
[Round "4.66"]
[White "Al Ghafri, Alanoud"]
[Black "De Souza, Ivana Claudia Eyram"]
[Result "1-0"]
[WhiteElo "1259"]
[BlackElo "1167"]
[Annotator "NA RC"]
[PlyCount "172"]
[EventDate "2022.??.??"]
[TimeControl "60"]

1. e4 e5 2. Nf3 Nc6 3. d4 exd4 4. Bc4 Be7 5. c3 d6 6. cxd4 Nf6 7. Nc3 Bg4 8. Be3 O-O 9. O-O Nxe4 10. Nxe4 d5 11. Bxd5 Qxd5 12. Nc3 Qh5 13. h3 Bxf3 14. Qxf3 Qxf3 15. gxf3 Rad8 16. Rad1 a6 17. a3 Bf6 18. d5 Ne7 19. Bc5 Rfe8 20. d6 cxd6 21. Bxd6 Nf5 22. Bb4 Nh4 23. f4 Rd4 24. Nd5 Rd8 25. Nxf6+ gxf6 26. Rxd4 Rxd4 27. Kh2 Nf5 28. Rg1+ Kh8 29. Bc3 Rd6 30. Re1 Kg7 31. Re8 b5 32. Bb4 Rd4 33. Ra8 Rxf4 34. Kg2 Rc4 35. Rxa6 Rc2 36. Bc3 Ne3+ 37. Kf3 Nc4 38. Bxf6+ Kg6 39. b3 Nd2+ 40. Kg2 Nxb3 41. Rb6 Nd2 42. Be7+ Kg7 43. Rxb5 Ne4 44. Kf3 Nxf2 45. Rg5+ Kh6 46. Rg2 Rc3+ 47. Kxf2 Rxh3 48. Rg3 Rh2+ 49. Kg1 Re2 50. Bb4 Ra2 51. Rg2 Ra1+ 52. Kh2 f5 53. Rf2 Kg5 54. Bd2+ Kg4 55. Rg2+ Kf3 56. Rg3+ Ke4 57. Re3+ Kd5 58. Bb4 Kc4 59. Rf3 Kb5 60. Rxf5+ Ka4 61. Rh5 Kb3 62. Rxh7 Ra2+ 63. Kg3 Ka4 64. Kf3 Ra1 65. Ke3 Kb3 66. Kd3 Rd1+ 67. Ke2 Ra1 68. Kd2 Ra2+ 69. Kd3 Ra1 70. Rb7 Ka4 71. Kc2 Ra2+ 72. Kb1 Re2 73. Bc5 Re1+ 74. Kb2 Re2+ 75. Kc3 Ra2 76. Rb4+ Ka5 77. Rb8 Ka4 78. Bd6 Ra1 79. Kc4 Rc1+ 80. Kd5 Rd1+ 81. Kc6 Rc1+ 82. Bc5 Ra1 83. Bb4 Ra2 84. Kb6 Rb2 85. Ka6 Ra2 86. Bc5 Rb2 1-0

[Event "44th Chess Olympiad Women 2022"]
[Site "Chennai"]
[Date "2022.08.01"]
[Round "4.66"]
[White "Esse, Akua Kosife"]
[Black "Al Balushi, Mariya"]
[Result "0-1"]
[WhiteElo "1329"]
[BlackElo "1660"]
[Annotator "NA RC"]
[PlyCount "63"]
[EventDate "2022.??.??"]
[TimeControl "60"]

1. e4 e5 2. Nf3 Nc6 3. Bc4 Nf6 4. Nc3 Be7 5. O-O O-O 6. d4 exd4 7. Nxd4 Nxd4 8. Qxd4 d6 9. Re1 Ng4 10. Bf4 Bf6 11. Qd2 Ne5 12. Bb3 Re8 13. Re3 Bg5 14. Rg3 Bxf4 15. Qxf4 Ng6 16. Bxf7+ Kh8 17. Bxg6 hxg6 18. Rxg6 Rf8 19. Qd2 Bd7 20. Qd4 Rf7 21. Re1 Qh4 22. g3 Qh5 23. e5 Qxg6 24. e6 Bxe6 25. Rxe6 Qxe6 26. Ne4 Qe5 27. Qxe5 dxe5 28. Ng5 Rd7 29. Kf1 Rd2 30. Nf7+ Kg8 31. Nxe5 Rxc2 32. Nd3 0-1

[Event "44th Chess Olympiad Women 2022"]
[Site "Chennai"]
[Date "2022.08.01"]
[Round "4.67"]
[White "Aishath Alya Mohamed Shareef"]
[Black "Gusmao, Maria do Ceu"]
[Result "1-0"]
[WhiteElo "1110"]
[BlackElo "1442"]
[Annotator "NA RC"]
[PlyCount "79"]
[EventDate "2022.??.??"]
[TimeControl "60"]

1. d4 Nf6 2. Bf4 e6 3. Nf3 c5 4. c3 Nc6 5. e3 Be7 6. Bd3 d5 7. Nbd2 O-O 8. Ne5 cxd4 9. exd4 g6 10. g4 Nd7 11. Nxd7 Bxd7 12. Bg3 f5 13. f3 Re8 14. h4 Bf6 15. g5 Bg7 16. f4 e5 17. dxe5 Nxe5 18.
fxe5 Bxe5 19. Bxe5 Rxe5+ 20. Be2 Qe7 21. Kf1 Re8 22. Bf3 Bb5+ 23.
Kg2 Re2+ 24. Bxe2 Bxe2 25. Qg1 Qd7 26. Re1 Qb5 27. Qf2 Qd3 28.
Nf3 Bxf3+ 29. Qxf3 Qd2+ 30. Qf2 Qxf2+ 31. Kxf2 Rc8 32. Re7 b5 33. Rd7 b4 34. Rh3 a5 35. Rxd5 a4 36. a3 bxc3 37. Rxc3 Rb8 38. Rc2 Kf7 39. Re2 Rb7 40. Ra5 1-0

[Event "44th Chess Olympiad Women 2022"]
[Site "Chennai"]
[Date "2022.08.01"]
[Round "4.67"]
[White "Nihaya, Ahmed"]
[Black "Tilman, Zulmira Americo"]
[Result "1-0"]
[WhiteElo "1233"]
[BlackElo "1255"]
[Annotator "NA RC"]
[PlyCount "49"]
[EventDate "2022.??.??"]
[TimeControl "60"]

1. e4 e5 2. Nf3 Nc6 3. d4 d6 4. dxe5 Qe7 5. exd6 Qxe4+ 6.
Qe2 Qxe2+ 7. Bxe2 cxd6 8. O-O Nf6 9. Re1 Be7 10. Bb5 O-O 11.
Bxc6 bxc6 12. Rxe7 Ba6 13. Nc3 h6 14. Bf4 Rfd8 15. Rae1 g5 16.
Be3 Bc4 17. Rxa7 Rab8 18. b3 Bd5 19. Nd4 Rbc8 20. Nf5 Kh7 21.
Bd4 Nh5 22. Nxd5 cxd5 23. Rxf7+ Kg6 24. Nxh6 Rf8 25. Re6+ 1-0

[Event "44th Chess Olympiad Women 2022"]
[Site "Chennai"]
[Date "2022.08.01"]
[Round "4.67"]
[White "da Silva, Sonizia A.Tilman"]
[Black "Nuha, Rilwan"]
[Result "1/2-1/2"]
[WhiteElo "1507"]
[BlackElo "1068"]
[Annotator "NA RC"]
[PlyCount "141"]
[EventDate "2022.??.??"]
[TimeControl "60"]

1. d4 Nf6 2. Nc3 e6 3. e4 Bb4 4. Bd3 b6 5. Bd2 Bb7 6. Nge2 O-O 7. a3 Be7 8. Ng3 c5 9. dxc5 Bxc5 10. O-O Nc6 11. Nh5 Ne5 12. Bg5 Be7 13.
Bb5 Nxe4 14. Bxe7 Qxe7 15. Nxe4 Bxe4 16. Qd4 Qg5 17. Qxe4 Qxh5 18. Be2 d5 19. Qe3 Qf5 20. b3 Ng6 21. Bd3 Qf6 22. Qh3 h6 23. Rae1 Nf4 24. Qf3 Rac8 25. Re3 Nxd3 26. Qxf6 gxf6 27. cxd3 Rc3 28. Rb1 Rfc8 29. g3 Rc1+ 30. Rxc1 Rxc1+ 31. Kg2 d4 32. Re4 e5 33. f4 Rc3 34. fxe5 fxe5 35. Rxe5 Rxd3 36. Rb5 Rd2+ 37. Kg1 Ra2 38. a4 d3 39. Rd5 d2 40. Kf1 Rb2 41. Ke2 d1=Q+ 42. Kxd1 Rxb3 43. Kc2 Rb4 44. a5 bxa5 45. Rxa5 Rb7 46. h4 Kg7 47. Kd2 Rb3 48.
g4 Rb4 49. g5 Rxh4 50. gxh6+ Kxh6 51. Rxa7 f5 52. Ke3 Kg6 53. Kf3 Rb4 54. Ra6+ Kg5 55. Ra5 Rb3+ 56. Kg2 Kg4 57. Ra8 Rb2+ 58. Kf1 Kf3 59. Ke1 f4 60. Rf8 Rb4 61. Kd2 Kf2 62. Kc3 Re4 63. Kd3 Re3+ 64. Kd2 f3 65. Rh8 Re2+ 66. Kd1 Re1+ 67. Kd2 Rg1 68. Rf8 Rg2 69. Kd3 Rg4 70. Rf7 Ra4 71. Rf6 1/2-1/2

[Event "44th Chess Olympiad Women 2022"]
[Site "Chennai"]
[Date "2022.08.01"]
[Round "4.67"]
[White "dos Santos, Elfiana"]
[Black "Kiyan Mohamed, Usamath"]
[Result "0-1"]
[WhiteElo "1560"]
[BlackElo "1100"]
[Annotator "NA RC"]
[PlyCount "58"]
[EventDate "2022.??.??"]
[TimeControl "60"]

1. e4 e5 2. Nf3 Nc6 3. Bc4 Bc5 4. O-O Nf6 5. d3 O-O 6. Nc3 d6 7. Bg5 Be6 8. b3 a6 9. a3 Nd4 10. b4 Ba7 11. h3 Qe7 12. Bxe6 fxe6 13. Nb1 Qf7 14. Nbd2 Qg6 15. c3 Nxf3+ 16. Nxf3 Nd7 17. Rc1 Rf7 18. c4 Raf8 19. Bh4 Rxf3 20. Kh1 R3f7 21. Qe2 Qh6 22. Bg3 Nf6 23. f3 Nh5 24. Bf2 Bxf2 25. Rxf2 Ng3+ 26. Kg1 Nxe2+ 27. Rxe2 Qxc1+ 28. Kh2 Qf4+ 29. Kg1 Qg3 0-1

[Event "44th Chess Olympiad Women 2022"]
[Site "Chennai"]
[Date "2022.08.01"]
[Round "4.78"]
[White "Ali, Amy"]
[Black "Comas Colon, Rinelly M."]
[Result "0-1"]
[WhiteElo "1361"]
[BlackElo "1585"]
[Annotator "NA RC"]
[PlyCount "72"]
[EventDate "2022.??.??"]
[TimeControl "60"]

1. e4 e5 2. Nf3 f6 3. Bc4 Bc5 4. b3 Nc6 5. Ba3 b6 6. Bxc5 bxc5 7. Nxe5 Nxe5 8.
f4 Nxc4 9. bxc4 Qe7 10. O-O Bb7 11. d3 Nh6 12. f5 c6 13.
Qh5+ Nf7 14. Qf3 Rd8 15. Nc3 d6 16. g4 Rd7 17. Rae1 O-O 18.
h4 Ne5 19. Qh3 Re8 20. g5 Qd8 21. Rf2 d5 22. Rg2 dxc4 23. gxf6 cxd3 24. cxd3 Rxd3 25. Qh2 Rxc3 26. Qf4 Nf3+ 27. Kf1 Ba6+ 28. Ree2 Qd1+ 29. Kf2 Qxe2+ 30. Kg3 Ne1+ 31. Qe3 Qxe3+ 32. Kg4 Qf3+ 33. Kg5 Nxg2 34. fxg7 Qxe4 35. f6 Re5+ 36. Kh6 Qg6# 0-1

[Event "44th Chess Olympiad Women 2022"]
[Site "Chennai"]
[Date "2022.08.01"]
[Round "4.78"]
[White "La Fleur, Zara"]
[Black "Morales Santos, Natasha"]
[Result "1/2-1/2"]
[WhiteElo "1513"]
[BlackElo "1924"]
[Annotator "NA RC"]
[PlyCount "78"]
[EventDate "2022.??.??"]
[TimeControl "60"]

1. e4 e6 2. d4 d5 3. exd5 exd5 4. Nf3 Bd6 5. Bd3 Ne7 6. Bg5 f6 7. Bh4 O-O 8. O-O Nf5 9. Nbd2 Nc6 10. c3 Nce7 11. Qc2 g6 12. Rfe1 c6 13.
c4 Qc7 14. Bg3 Nxg3 15. hxg3 dxc4 16. Bxc4+ Kg7 17. Be6 Bb4 18. a3 Bxd2 19. Qxd2 Qd6 20. Bxc8 Raxc8 21. Rad1 Rcd8 22. Qa5 a6 23. Rd3 Rd7 24. Rde3 Nf5 25. Re6 Qd5 26. Qb4 Rff7 27. R6e4 a5 28. Qc5 a4 29. g4 Nd6 30. Qxd5 cxd5 31. R4e2 h6 32. Nd2 b5 33. Nb1 f5 34. Nc3 fxg4 35. Re5 Nc4 36. Rxd5 Rxd5 37. Nxd5 Rd7 38. Nc3 Rxd4 39. Nxb5 Rd2 1/2-1/2

[Event "44th Chess Olympiad Women 2022"]
[Site "Chennai"]
[Date "2022.08.01"]
[Round "4.78"]
[White "Vega Jimenez, Keyshla M."]
[Black "James, Shemilah"]
[Result "1-0"]
[WhiteElo "1653"]
[BlackElo "1590"]
[Annotator "NA RC"]
[PlyCount "101"]
[EventDate "2022.??.??"]
[TimeControl "60"]

1. e4 e5 2. Nf3 Nc6 3. Nc3 Nf6 4. d4 exd4 5. Nxd4 Bb4 6.
Nxc6 bxc6 7. Bd3 O-O 8. O-O Re8 9. Re1 d6 10. h3 h6 11. Bd2 Bb7 12. a3 Ba5 13. Qf3 Bb6 14. Rad1 Bd4 15. Bc4 Be5 16. Qd3 c5 17. f3 Nh5 18. Ne2 Qh4 19. Bxf7+ Kxf7 20. Qb3+ d5 21. Qxb7 dxe4 22. Qd5+ Kf8 23. fxe4 Nf6 24. Rf1 Rad8 25. Qxc5+ Kg8 26. Bc3 Bxc3 27. Nxc3 Rxd1 28. Rxd1 Qf4 29. Rf1 Qd2 30. e5 Nd7 31. Qc4+ Kh8 32. Qxc7 Qe3+ 33. Kh1 Nxe5 34. Qd6 Nc4 35. Rf8+ Rxf8 36. Qxf8+ Kh7 37. Qf5+ Kh8 38. Qc8+ Kh7 39. Qxc4 Qe1+ 40. Kh2 Qe5+ 41. g3 Qf6 42. Qe4+ Kh8 43. Qe3 a6 44. h4 Qc6 45. h5 Qc8 46. Qe4 Qc5 47. Qf3 a5 48.
b4 axb4 49. axb4 Qxb4 50. Qa8+ Kh7 51. Qe4+ 1-0

[Event "44th Chess Olympiad Women 2022"]
[Site "Chennai"]
[Date "2022.08.02"]
[Round "5.24"]
[White "Makka, Ioulia"]
[Black "Maklakova, Nellija"]
[Result "1-0"]
[WhiteElo "1975"]
[BlackElo "1819"]
[Annotator "NA RC"]
[PlyCount "101"]
[EventDate "2022.??.??"]
[TimeControl "60"]

1. e4 e6 2. d4 d5 3. Nc3 Bb4 4. e5 c5 5. Bd2 cxd4 6. Nb5 Bc5 7. b4 Bf8 8.
Nxd4 Bd7 9. Ngf3 Nc6 10. Nxc6 bxc6 11. Bd3 f5 12. h4 Qc7 13. Qe2 Ne7 14. c3 c5 15. bxc5 Nc6 16. c4 dxc4 17. Bxc4 Bxc5 18. O-O Nd4 19. Nxd4 Bxd4 20. Rac1 Qxe5 21. Qf3 O-O 22. Rfe1 Qd6 23. Bf4 Qb6 24. Rb1 Qa5 25. Red1 Qc5 26. Rbc1 Qb6 27. Bc7 Qb2 28. Qe2 Qxe2 29. Bxe2 Bb2 30. Rb1 Ba4 31. Rxb2 Bxd1 32. Bxd1 Rac8 33. Bf4 Rc4 34. g3 Rd8 35. Bb3 Rc6 36. Re2 Kf7 37. Re5 h6 38. Rxf5+ Ke7 39. Ra5 a6 40. Re5 Kf6 41. Re2 g5 42. hxg5+ hxg5 43. Be3 g4 44. Re1 e5 45. Kf1 Kf5 46. Ke2 Rb8 47. Rh1 a5 48. Rh5+ Ke4 49. Rg5 Rxb3 50. axb3 Rc2+ 51. Bd2 1-0